 Dungeon Crawl Stone Soup version 0.31-a0-219-g8d62b2e7bb (webtiles) character file.

Game seed: 14687290273337353423

1100 qw the Skirmisher (level 8, -4/69 HPs)
             Began as a Minotaur Hexslinger on July 3, 2023.
             Killed from afar by Maggie (9 damage)
             ... with a bolt of fire
             ... on level 6 of the Dungeon.
             The game lasted 00:01:44 (4809 turns).

qw the Skirmisher (Minotaur Hexslinger)             Turns: 4809, Time: 00:01:44

Health: -4/69      AC:  6    Str: 19    XL:     8   Next: 10%
Magic:  8/8        EV: 12    Int: 10    God:
Gold:   253        SH:  0    Dex: 17    Spells: 8/9 levels left

rFire   . . .        a - +6 orcbow of Kyokk {flame, rN+ Dex+2}
rCold   + . .        (shield currently unavailable)
rNeg    + + .        g - +0 ring mail
rPois   .            (helmet restricted)
rElec   .            d - +0 cloak
rCorr   .            (no gloves)
SInv    .            (no boots)
Will    .....        (no amulet)
Stlth   +            b - ring of the Priest {rC+ rN+}
HPRegen 0.31/turn    n - +6 ring of strength
MPRegen 0.11/turn

%: no passive effects
@: about to teleport, mesmerised
A: horns 2, retaliatory headbutt
a: no special abilities


You were on level 6 of the Dungeon.
You visited 1 branch of the dungeon, and saw 6 of its levels.

You collected 253 gold pieces.


Innate Abilities, Weirdness & Mutations

You have a pair of horns on your head.
You reflexively headbutt those who attack you in melee.


   Skills:
 + Level 5.4 Fighting
 - Level 9.0 Ranged Weapons
 - Level 2.0 Armour
 - Level 3.0 Dodging
 - Level 1.0 Spellcasting
 - Level 2.0 Hexes


You had 8 spell levels left.
You knew the following spells:

 Your Spells              Type           Power      Damage    Failure   Level
a - Slow                  Hex            16%        N/A       26%         1

Your spell library contained the following spells:

 Spells                   Type           Power      Damage    Failure   Level
 Inner Flame              Hex/Fire       2%         N/A       75%         3
 Portal Projectile        Hex/Tloc       4%         N/A       75%         3
 Cause Fear               Hex            2%         N/A       95%         4

Inventory:

Hand Weapons
 a - the +6 orcbow of Kyokk (weapon) {flame, rN+ Dex+2}
   (You acquired it on level 2 of the Dungeon)

   Dex:       It affects your dexterity (+2).
   rN:        It protects you from negative energy.
Armour
 d - a +0 cloak (worn)
 g - a +0 ring mail (worn)
Jewellery
 b - the ring of the Priest (left hand) {rC+ rN+}
   (You acquired it on level 2 of the Dungeon)

   [ring of protection from cold]

   rC:        It protects you from cold.
   rN:        It protects you from negative energy.
 m - the ring of Meabif {Wiz rC+ Str-4 Int+3}
   (You acquired it on level 2 of the Dungeon)

   [ring of wizardry]

   It improves your spell success rate.
   Str:       It affects your strength (-4).
   Int:       It affects your intelligence (+3).
   rC:        It protects you from cold.
 n - a +6 ring of strength (right hand)
Scrolls
 c - a scroll of identify
 h - a scroll of revelation {unknown}
Potions
 e - a potion of curing
 i - 2 potions of haste
 j - a potion of magic {unknown}
 k - 2 potions of heal wounds

Dungeon Overview and Level Annotations

Branches:
Dungeon (6/15)
 Temple: D:4-7

Altars:
Ashenzari
Fedhas
Nemelex Xobeh
Ru
Vehumet

Annotations:
D:5 3 runed translucent doors, qw's ghost, novice GrHs
D:6 Maggie


Message History

Maggie the Vainglorious comes into view.
She is wielding a +0 glaive and carrying a wand of roots (10).
Maggie shouts!
You shoot an arrow. The arrow barely misses Maggie.
You shoot an arrow. The arrow hits Maggie!
The arrow burns Maggie.
Maggie is lightly wounded.
You shoot an arrow. The arrow hits Maggie!
The arrow burns Maggie.
Maggie is heavily wounded.
Maggie mumbles some strange words.
Maggie attempts to bespell you!
You are mesmerised by Maggie!
You shoot an arrow.
The arrow hits Maggie but does no damage.
Maggie is heavily wounded.
You shoot an arrow. The arrow hits Maggie.
The arrow burns Maggie.
Maggie is heavily wounded.
Maggie zaps a wand.
The roots erupt in riotous growth!
The grasping roots grab you! The grasping roots constrict you.
You hear a shout! x2
You shoot an arrow.
The arrow hits Maggie but does no damage.
Maggie is heavily wounded.
Maggie barely misses you. The grasping roots constrict you.
You shoot an arrow. The arrow hits Maggie.
The arrow burns Maggie.
Maggie is severely wounded.
Maggie hits you from afar with a +0 glaive.
The grasping roots constrict you. Maggie casts a spell at you.
The bolt of fire hits you!! The grasping roots constrict you.
You shoot an arrow. The arrow hits Maggie!
The arrow burns Maggie.
Maggie is almost dead.
Maggie hits you from afar with a +0 glaive!
The grasping roots constrict you!
The grasping roots release their grip on you.
4809 ||| READING scroll of teleportation.
As you read the scroll of teleportation, it crumbles to dust.
You feel strangely unstable. Maggie casts a spell at you.
The bolt of fire hits you!
You die...

#.# #####.####
#.........
#.###.####
#####.###.#
#.....##..#
#%######.##
######.######.#
#.@...........#
#.####.#####..##
#@ #.# ##...####
#. #.# #.......#
#. #.# ##...##.#
#. #.# #.<###.#
#. #.# #.## #)#
#. #.# #.# #.#
##. #.# #.#


You could see Maggie (mesmerising).

Vanquished Creatures
  2 ogres
  A kobold brigand (D:4)
  A scorpion (D:5)
  5 killer bees (D:4)
  2 howler monkeys (D:5)
  2 hounds
  An orc priest (D:4)
  2 jellies (D:5)
  2 iguanas (D:5)
  A sleepcap (D:5)
  An orc wizard (D:4)
  Robin (D:4)
  4 adders
  10 gnolls
  An ufetubus (D:4)
  5 worms
  A dart slug (D:1)
  5 orcs
  9 endoplasms
  2 giant cockroaches
  15 goblins
  10 hobgoblins
  6 jackals
  5 quokkas
  7 ball pythons
  5 bats
  3 frilled lizards
  6 kobolds
  3 rats
118 creatures vanquished.

Notes
Turn   | Place    | Note
-------+----------+-------------------------------------------
     0 | D:1      | qw the Minotaur Hexslinger began the quest for the Orb.
     0 | D:1      | Reached XP level 1. HP: 16/16 MP: 1/1
     0 | D:1      | 0 ||| qw: Version: 0.3-a-40-ge99b1a8
     0 | D:1      | 0 ||| qw: Game counter: 329
     0 | D:1      | 0 ||| qw: Melee chars always use a shield: true
     0 | D:1      | 0 ||| qw: God list: Okawaru
     0 | D:1      | 0 ||| qw: Allow faded altars: false
     0 | D:1      | 0 ||| qw: Do Orc after clearing Dungeon:15 true
     0 | D:1      | 0 ||| qw: Do second Lair branch before Depths: true
     0 | D:1      | 0 ||| qw: Lair rune preference: random
     0 | D:1      | 0 ||| qw: Goals: Normal
     0 | D:1      | 0 ||| PLANNING D:1-11
   213 | D:1      | Reached skill level 3 in Ranged Weapons
   220 | D:1      | Reached XP level 2. HP: 23/23 MP: 2/2
   825 | D:1      | 825 ||| UPGRADING to +0 cloak.
   830 | D:1      | 830 ||| UPGRADING to +0 leather armour.
   840 | D:1      | 840 ||| DROPPING +0 robe.
   841 | D:1      | 841 ||| READING scroll labelled XAETIFO FAECI.
   845 | D:1      | 845 ||| READING scroll labelled HEV MURILADU.
   846 | D:1      | 846 ||| READING scroll labelled NUREMPIVUT.
   847 | D:1      | 847 ||| DROPPING scroll of poison.
   932 | D:2      | Reached XP level 3. HP: 29/29 MP: 3/3
   933 | D:2      | 933 ||| STAIRDANCE
   970 | D:2      | Reached skill level 4 in Ranged Weapons
  1091 | D:2      | Identified the +2 sling of Kismet {freeze, rElec rPois
                  | Will- Int-3}
  1093 | D:2      | 1093 ||| SWAPPING to +2 sling of Kismet {freeze, rElec
                  | rPois Will- Int-3}.
  1094 | D:2      | 1094 ||| DROPPING +1 sling.
  1402 | D:2      | 1402 ||| READING scroll labelled LIESIS IL QON.
  1403 | D:2      | 1403 ||| READING 3 scrolls labelled ZITHRY JUNNIADGH.
  1404 | D:2      | 1404 ||| READING scroll labelled KIANEF BYOFIAM.
  1405 | D:2      | 1405 ||| READING 3 scrolls labelled DERPHA BOBY.
  1405 | D:2      | Identified 3 scrolls of acquirement
  1405 | D:2      | 1405 ||| ACQUIRING +6 orcbow of Kyokk {flame, rN+ Dex+2}
  1405 | D:2      | Acquired the +6 orcbow of Kyokk {flame, rN+ Dex+2}
  1407 | D:2      | 1407 ||| SWAPPING to +6 orcbow of Kyokk {flame, rN+ Dex+2}.
  1408 | D:2      | 1408 ||| DROPPING +2 sling of Kismet {freeze, rElec rPois
                  | Will- Int-3}.
  1409 | D:2      | 1409 ||| READING 2 scrolls of acquirement.
  1409 | D:2      | 1409 ||| ACQUIRING ring of Meabif {Wiz rC+ Str-4 Int+3}
  1409 | D:2      | Acquired the ring of Meabif {Wiz rC+ Str-4 Int+3}
  1410 | D:2      | 1410 ||| READING scroll of acquirement.
  1410 | D:2      | 1410 ||| ACQUIRING ring of the Priest {rC+ rN+}
  1410 | D:2      | Acquired the ring of the Priest {rC+ rN+}
  1412 | D:2      | 1412 ||| UPGRADING to ring of the Priest {rC+ rN+}.
  1413 | D:2      | 1413 ||| UPGRADING to ring of Meabif {Wiz rC+ Str-4 Int+3}.
  1414 | D:2      | 1414 ||| DRINKING 3 murky cyan potions.
  1415 | D:2      | 1415 ||| DRINKING 3 inky potions.
  1416 | D:2      | 1416 ||| READING 2 scrolls of identify.
  1416 | D:2      | 1416 ||| IDENTIFYING amethyst potion
  1417 | D:2      | 1417 ||| DROPPING 2 potions of attraction.
  1571 | D:3      | Reached XP level 4. HP: 36/36 MP: 4/4
  1602 | D:3      | Reached skill level 5 in Ranged Weapons
  1757 | D:3      | Identified the +0 scale mail of Panentheism {Dex+3}
  2259 | D:3      | 2259 ||| UPGRADING to +0 ring mail.
  2269 | D:3      | 2269 ||| DROPPING +0 leather armour.
  2270 | D:3      | 2270 ||| UPGRADING to +6 ring of strength.
  2272 | D:3      | 2272 ||| READING scroll labelled ACSOVUL HACKU.
  2273 | D:3      | 2273 ||| DRINKING 2 lumpy coppery potions.
  2274 | D:3      | 2274 ||| DRINKING 2 bubbling cyan potions.
  2378 | D:3      | 2378 ||| READING 2 scrolls of identify.
  2378 | D:3      | 2378 ||| IDENTIFYING dark potion
  2379 | D:3      | 2379 ||| DROPPING potion of brilliance.
  2380 | D:3      | 2380 ||| DROPPING potion of berserk rage.
  2422 | D:4      | Noticed Robin
  2431 | D:4      | Reached skill level 1 in Armour
  2431 | D:4      | Reached XP level 5. HP: 31/42 MP: 5/5
  2435 | D:4      | Killed Robin
  2436 | D:4      | Reached skill level 3 in Fighting
  2438 | D:4      | 2438 ||| FLEEEEING.
  2439 | D:4      | 2439 ||| FLEEEEING.
  2440 | D:4      | 2440 ||| FLEEEEING.
  2441 | D:4      | 2441 ||| FLEEEEING.
  2442 | D:4      | 2442 ||| FLEEEEING.
  2443 | D:4      | 2443 ||| FLEEEEING.
  2444 | D:4      | 2444 ||| FLEEEEING.
  2445 | D:4      | 2445 ||| FLEEEEING.
  2449 | D:4      | 2449 ||| FLEEEEING.
  2453 | D:4      | 2453 ||| FLEEEEING.
  2454 | D:4      | 2454 ||| STAIRDANCE
  2480 | D:4      | Noticed an ogre
  2485 | D:4      | Killed an ogre
  2486 | D:4      | Reached skill level 6 in Ranged Weapons
  2489 | D:4      | 2489 ||| FLEEEEING.
  2490 | D:4      | 2490 ||| FLEEEEING.
  2491 | D:4      | 2491 ||| FLEEEEING.
  2492 | D:4      | 2492 ||| FLEEEEING.
  2493 | D:4      | 2493 ||| FLEEEEING.
  2494 | D:4      | 2494 ||| STAIRDANCE
  2577 | D:4      | Reached XP level 6. HP: 51/51 MP: 6/6
  2601 | D:4      | 2601 ||| FLEEEEING.
  2606 | D:4      | 2606 ||| FLEEEEING.
  2607 | D:4      | 2607 ||| FLEEEEING.
  2608 | D:4      | 2608 ||| FLEEEEING.
  2644 | D:4      | 2644 ||| FLEEEEING.
  2645 | D:4      | 2645 ||| FLEEEEING.
  2646 | D:4      | 2646 ||| FLEEEEING.
  2647 | D:4      | 2647 ||| STAIRDANCE
  2678 | D:4      | Reached skill level 7 in Ranged Weapons
  2858 | D:4      | 2858 ||| FLEEEEING.
  2862 | D:4      | 2862 ||| STAIRDANCE
  3002 | D:4      | Reached XP level 7. HP: 59/59 MP: 7/7
  3166 | D:4      | Reached skill level 8 in Ranged Weapons
  3305 | D:5      | Entered Level 5 of the Dungeon
  3348 | D:5      | Found a runed translucent gate.
  3348 | D:5      | Found a runed translucent gate.
  3348 | D:5      | Found a runed translucent gate.
  3519 | D:5      | 3519 ||| Stepping ~*~*~tactically~*~*~ (outnumbered).
  3523 | D:5      | Reached skill level 3 in Dodging
  3565 | D:5      | Found a sacrificial altar of Ru.
  3656 | D:5      | Noticed qw's ghost (novice GrHs)
  4032 | D:5      | Found a sparkling altar of Nemelex Xobeh.
  4061 | D:5      | Found a broken altar of Ashenzari.
  4061 | D:5      | Found a radiant altar of Vehumet.
  4063 | D:5      | Found a blossoming altar of Fedhas.
  4142 | D:5      | 4142 ||| READING 2 scrolls of identify.
  4142 | D:5      | 4142 ||| IDENTIFYING glowing grey potion
  4143 | D:5      | 4143 ||| DROPPING potion of invisibility.
  4726 | D:6      | Reached XP level 8. HP: 69/69 MP: 8/8
  4792 | D:6      | Reached skill level 9 in Ranged Weapons
  4800 | D:6      | Noticed Maggie
  4808 | D:6      | HP: 13/69 [Maggie/+0 glaive (16)]
  4808 | D:6      | HP: 5/69 [constriction (8)]
  4809 | D:6      | 4809 ||| READING scroll of teleportation.
  4809 | D:6      | Killed from afar by Maggie

Levels and vault maps discovered:
D:1:      dpeg_arrival_rhombi, layout_basic
D:2:      layout_rooms
D:3:      layout_loops_corners, minmay_quantized
D:4:      layout_loops_cross, dk_noncrumbling_4, uniq_robin
D:5:      layout_basic, marbit_many_paths, minitemple, gammafunk_ghost_icy,
          serial_co_window_serial, co_window_paths_a,
          co_window_of_opportunity_a, co_window_corner_a, co_window_paths_b,
          co_window_paths_a, co_window_paths_a, co_window_paths_a,
          co_window_of_opportunity_b, co_window_cross_4, co_window_corner_cb,
          co_window_corner_b, co_window_paths_d, glass_columns_b,
          glass_columns_a
D:6:      layout_loops_ring, mainiacjoe_overflow_large_starburst, temple_hall,
          uniq_maggie

Skill      XL: |  1  2  3  4  5  6  7  8 |
---------------+-------------------------+-----
Ranged Weapons | 3 4 5 6 7 8 9 |  9.0
Fighting       | 2 3 4 5 |  5.4
Armour         | 1 2 |  2.0
Dodging        | 3 |  3.0
Spellcasting   | |  1.0
Hexes          | |  2.0

Action                     |  1- 3 |  4- 6 |  7- 9 || total
---------------------------+-------+-------+-------++-------
   Fire: Sling             |   108 |       |       ||   108
         Orcbow            |     6 |    92 |    71 ||   169
    Use: Scroll            |    10 |     2 |     2 ||    14
         Potion            |     2 |     2 |       ||     4
 Armour: Robe              |     2 |       |       ||     2
         Leather armour    |     5 |       |       ||     5
         Ring mail         |       |    15 |     4 ||    19
  Dodge: Dodged            |    19 |    20 |    15 ||    54

Table legend:
 A = Non-vault XP
 B = Vault XP
 C = Vault XP percentage of total XP
 D = Non-vault monster count
 E = Vault monster count
 F = Vault count percentage of total count
                 A         B        C        D         E       F
            +---------+---------+-------+---------+---------+-------
      Total |    1482 |      90 |   5.7 |     102 |      16 |  13.6
            +---------+---------+-------+---------+---------+-------
        D:1 |      42 |       0 |   0.0 |      23 |       0 |   0.0
        D:2 |      52 |       0 |   0.0 |      16 |       0 |   0.0
        D:3 |      76 |       9 |  10.6 |      17 |       3 |  15.0
        D:4 |     703 |      38 |   5.1 |      30 |      12 |  28.6
        D:5 |     451 |      43 |   8.7 |      14 |       1 |   6.7
        D:6 |     158 |       0 |   0.0 |       2 |       0 |   0.0
            +---------+---------+-------+---------+---------+-------
